 Dungeon Crawl Stone Soup version 0.22-a0-538-g76cc104 (webtiles) character file.

6592 Hebeh the Cleaver (level 10, -1/91 HPs)
             Began as a Minotaur Fighter on June 23, 2018.
             Was a Priest of Trog.
             Killed by divine providence
             ... invoked by an orc priest
              (13 damage)
             ... on level 1 of the Orcish Mines.
             The game lasted 00:33:08 (7067 turns).

Hebeh the Cleaver (Minotaur Fighter)                Turns: 7067, Time: 00:33:09

Health: -1/91      AC: 18    Str: 24    XL:     10   Next: 71%
Magic:  9/9        EV:  6    Int:  5    God:    Trog [***...]
Gold:   303        SH: 14    Dex: 14    Spells: 9/9 levels left

rFire    . . .     SeeInvis .   a - +6 war axe
rCold    . . .     Gourm    .   c - +2 shield
rNeg     . . .     Faith    .   g - +0 plate armour
rPois    .         Spirit   .   (helmet restricted)
rElec    .         Reflect  .   F - +0 cloak
rCorr    .         Harm     .   e - +0 pair of gloves
MR       +....                  r - +0 pair of boots
Stlth    ..........             (no amulet)
HPRegen  0.25/turn              p - +4 ring of dexterity
MPRegen  0.11/turn              z - ring of protection from magic

@: lethally poisoned (-1 -> -2)
A: retaliatory headbutt, horns 2
a: Berserk, Trog's Hand, Renounce Religion


You were on level 1 of the Orcish Mines.
You worshipped Trog.
Trog was most pleased with you.
You were not hungry.

You visited 3 branches of the dungeon, and saw 11 of its levels.
You also visited: Sewer.

You collected 441 gold pieces.
You spent 138 gold pieces at shops.

Inventory:

Hand Weapons
 a - a +6 war axe (weapon)
 A - a +0 whip of flaming
Armour
 c - a +2 shield (worn)
 e - a +0 pair of gloves (worn)
 g - a +0 plate armour (worn)
 r - a +0 pair of boots (worn)
 F - a +0 cloak (worn)
Jewellery
 p - a +4 ring of dexterity (left hand)
 y - the ring of the Many Mice {rF- rC++ rN+ Str+3}
   (You found it on level 9 of the Dungeon)

   [ring of positive energy]

   It affects your strength (+3).
   It makes you vulnerable to fire.
   It greatly protects you from cold.
   It protects you from negative energy.
 z - a ring of protection from magic (right hand)
Wands
 i - a wand of paralysis (18)
 w - a wand of flame (32)
 D - a wand of polymorph (12)
 E - a wand of acid (6)
Scrolls
 h - a scroll of blinking
 o - 10 scrolls of identify
 s - 3 scrolls of remove curse
 B - a scroll of fog
 G - a scroll of teleportation
Potions
 d - a potion of might
 j - a potion of resistance {unknown}
 k - a potion of haste {unknown}
 l - 4 potions of degeneration {unknown}
 m - a potion of berserk rage {unknown}
 n - 2 potions of mutation {unknown}
 q - 5 potions of heal wounds
 t - 2 potions of brilliance {unknown}
 u - 4 potions of curing
 v - 4 potions of flight {unknown}
 x - 4 potions of agility {unknown}
 C - a potion of magic
Comestibles
 b - a chunk of flesh
 f - 18 rations


   Skills:
 + Level 9.5 Fighting
 * Level 12.3 Axes
 + Level 9.5 Armour
 + Level 9.5 Shields


You had 9 spell levels left.
You didn't know any spells.
Your spell library was empty.

Dungeon Overview and Level Annotations

Branches:
Dungeon (9/15)             Temple (1/1) D:4             Orc (1/2) D:9
   Lair: D:8-11

Altars:
Ashenzari
Cheibriados
Dithmenos
Elyvilon
Fedhas
Gozag
Hepliaklqana
Kikubaaqudgha
Makhleb
Nemelex Xobeh
Okawaru
Qazlal
Ru
Sif Muna
Trog
Uskayaw
Vehumet
Wu Jian
Xom
Yredelemnul
Zin
The Shining One

Shops:
D:5 :}*!(   D:8 %   D:9 *


Innate Abilities, Weirdness & Mutations

You reflexively headbutt those who attack you in melee.
You have a pair of horns on your head.


Message History

You feel sick. The warg bites you but does no damage.
You feel sick. You block the warg's attack.
The warg bites you but does no damage.
You feel sick. You block the warg's attack.
You feel sick. The warg bites you but does no damage.
You feel sick.
The orc priest calls down the wrath of Beogh upon you.
Beogh smites you!
* * * LOW HITPOINT WARNING * * *
The orc priest closely misses you. You block the warg's attack.
The orc priest mumbles some strange prayers to Beogh against you.
Beogh smites you!
* * * LOW HITPOINT WARNING * * *
The warg bites you but does no damage.
The orc priest looks satisfied for a moment.
The orc priest calls down the wrath of Beogh upon you.
Beogh smites you!
You die...

##...#....##
###...###....##
#....#####....#
####.....##....##
#.###....#..#.##
#.#####.....###
##.<####....###
#...)##....o#.##
#..#...@ho.#....##
.....#......###....##
....####.....####)...#
#.... #......#..)..##
...##..........#o.####
... ##...###.......
#.$.. ###....# ###..
#......# ### #...#....


You could see a warg and 2 orc priests.

Vanquished Creatures
  A two-headed ogre (D:8)
  Pikel (D:7)
  A komodo dragon (D:9)
  A troll (D:9)
  A hornet (D:9)
  A slime creature (D:8)
  3 hippogriffs
  A hungry ghost (D:8)
  Grum (D:9)
  A sky beast (D:9)
  3 slaves (D:7)
  An orc warrior (Orc:1)
  An ice beast (D:9)
  4 ogres
  A phantom (D:3)
  4 wolves (D:9)
  A necrophage (D:6)
  7 centaurs
  A crocodile (D:8)
  A big kobold (Sewer)
  2 bullfrogs
  11 killer bees (D:8)
  2 bullfrog zombies
  3 crimson imps
  7 hounds
  6 jellies (D:8)
  A bullfrog skeleton (D:4)
  3 orc priests
  5 iguanas
  3 orc wizards
  3 worker ants
  A hound zombie (D:8)
  A worker ant zombie (D:8)
  3 gnolls (D:6)
  14 adders
  2 river rats (Sewer)
  2 shadow imps
  12 oozes
  An adder skeleton (D:5)
  5 worms
  A dart slug (D:3)
  7 leopard geckos
  31 orcs
  3 ball pythons
  6 giant cockroaches
  11 goblins
  6 hobgoblins
  12 jackals
  4 quokkas
  3 bats (D:3)
  4 frilled lizards
  14 kobolds
  A leopard gecko skeleton (D:4)
  2 quokka skeletons
  11 rats
239 creatures vanquished.

Vanquished Creatures (others)
  A bush (D:2)
  5 fungi (D:8)
6 creatures vanquished.

Grand Total: 245 creatures vanquished

Notes
Turn   | Place    | Note
-------+----------+-------------------------------------------
     0 | D:1      | Hebeh the Minotaur Fighter began the quest for the Orb.
     0 | D:1      | Reached XP level 1. HP: 19/19 MP: 0/0
   104 | D:1      | Reached XP level 2. HP: 23/27 MP: 1/1
   211 | D:1      | Reached skill level 3 in Axes
   672 | D:2      | Reached XP level 3. HP: 15/33 MP: 2/2
  1347 | D:2      | Found a burning altar of Makhleb.
  1403 | D:2      | Reached XP level 4. HP: 34/40 MP: 3/3
  1770 | D:3      | Found a glowing drain.
  1806 | Sewer    | Entered a sewer
  1815 | Sewer    | Reached skill level 4 in Axes
  1943 | Sewer    | Noticed a big kobold
  1965 | Sewer    | Killed a big kobold
  1965 | Sewer    | Reached XP level 5. HP: 35/47 MP: 4/4
  1984 | Sewer    | Found a white marble altar of Elyvilon.
  2188 | D:3      | Noticed a phantom
  2200 | D:3      | Killed a phantom
  2200 | D:3      | Reached skill level 5 in Fighting
  2200 | D:3      | Reached skill level 5 in Axes
  2200 | D:3      | Reached XP level 6. HP: 56/56 MP: 5/5
  2246 | D:3      | Reached skill level 5 in Shields
  2278 | D:3      | Reached skill level 5 in Armour
  2658 | D:4      | Found an ancient bone altar of Kikubaaqudgha.
  2700 | D:4      | Found a staircase to the Ecumenical Temple.
  2714 | Temple   | Entered the Ecumenical Temple
  3045 | D:4      | Found a bloodstained altar of Trog.
  3231 | D:4      | Became a worshipper of Trog the Wrathful
  3280 | D:5      | Entered Level 5 of the Dungeon
  3336 | D:5      | Reached skill level 6 in Axes
  3378 | D:5      | Found Etamomn's Distillery.
  3382 | D:5      | Bought a potion of heal wounds for 60 gold pieces
  3389 | D:5      | Found Upsoewku's Gadget Boutique.
  3416 | D:5      | Reached XP level 7. HP: 61/61 MP: 6/6
  3440 | D:5      | Found Qonaun's General Store.
  3448 | D:5      | Bought a potion of curing for 39 gold pieces
  3448 | D:5      | Bought a scroll of remove curse for 39 gold pieces
  3457 | D:5      | Found Xedorous's Book Shoppe.
  3525 | D:5      | Found Cuxilout's Antique Weapon Shoppe.
  4075 | D:5      | Reached skill level 7 in Axes
  4154 | D:5      | Reached XP level 8. HP: 50/70 MP: 7/7
  4367 | D:6      | Reached * piety under Trog
  4389 | D:6      | Found a bloodstained altar of Trog.
  4421 | D:6      | Reached skill level 8 in Axes
  4732 | D:7      | Noticed a hippogriff
  4740 | D:7      | Killed a hippogriff
  4835 | D:7      | Found a shattered altar of Ashenzari.
  4841 | D:7      | Found a stormy altar of Qazlal.
  5212 | D:7      | Noticed Pikel
  5232 | D:7      | Killed Pikel
  5232 | D:7      | Reached skill level 9 in Axes
  5232 | D:7      | Reached XP level 9. HP: 52/79 MP: 8/8
  5494 | D:8      | Found Fonaoppo's Food Emporium.
  5533 | D:8      | Reached ** piety under Trog
  5582 | D:8      | Reached skill level 10 in Axes
  5813 | D:8      | Noticed an enchanted dagger
  5813 | D:8      | Noticed a dagger
  5814 | D:8      | Found a hide-covered altar of Uskayaw.
  5918 | D:8      | Reached *** piety under Trog
  6065 | D:8      | Reached skill level 11 in Axes
  6065 | D:8      | Reached XP level 10. HP: 85/90 MP: 9/9
  6097 | D:8      | Noticed a two-headed ogre
  6103 | D:8      | Killed a two-headed ogre
  6235 | D:9      | Found a glowing silver altar of Zin.
  6313 | D:9      | Found Mourot's Assorted Antiques.
  6350 | D:9      | Found a staircase to the Orcish Mines.
  6590 | D:9      | Got a smoking brass ring
  6601 | D:9      | Noticed Grum
  6616 | D:9      | Killed Grum
  6623 | D:9      | Reached skill level 12 in Axes
  6902 | D:9      | Paralysed by a hornet for 2 turns
  6956 | Orc:1    | Entered Level 1 of the Orcish Mines
  6961 | Orc:1    | Identified the ring of the Many Mice {rF- rC++ rN+ Str+3} (You found it on level 9 of the Dungeon)
  7067 | Orc:1    | Killed from afar by an orc priest

Vault maps used:
D:1:      mrwooster_arrival_arrow, serial_glass, glass_columns_a,
          glass_columns_c, glass_columns_a, glass_columns_a, glass_columns_a,
          glass_columns_b, glass_columns_c, glass_columns_b, glass_columns_a,
          glass_columns_c
D:2:      nicolae_overflow_hidden_temple, serial_forest,
          infiniplex_forest_clump_curved, infiniplex_forest_clump_curved,
          infiniplex_forest_clump_curved, infiniplex_forest_lined_4_way,
          infiniplex_forest_straight_2, infiniplex_forest_lined_room_2,
          infiniplex_forest_clump_small, infiniplex_forest_end_3,
          minmay_tetromino_t2
D:3:      lemuel_upstairs_altar, portal_sewer_entry_a
D:4:      cheibrodos_old_hovel, lemuel_doored_altar, kiku_gazebo_pond_becter,
          minmay_temple_entry_overgrown, serial_glass, glass_columns_b,
          glass_columns_b
D:5:      serial_shops, shop, shop_fountains, shop, nicolae_shop_crystal,
          nicolae_shop_crystal, first_ration
D:6:      trog_book
D:7:      grunt_temple_overflow_open, uniq_pikel
D:8:      lemuel_slime, dancing_weapons_uskayaw, serial_shops, shop
D:9:      corexii_shack_village, orc_0_dummy, basic_altar, serial_shops,
          kennysheep_little_box, uniq_grum
Temple:   lightli_temple_of_artemis
Orc:1:    serial_shops, nicolae_shop_statue_plus
Sewer:    sewer_kobolds

Skill      XL: |  1  2  3  4  5  6  7  8  9 10 |
---------------+-------------------------------+-----
Axes           | 3 4 5 6 7 9 11 12 | 12.3
Fighting       | 4 5 6 7 8 9 |  9.5
Armour         | 4 5 6 7 8 9 |  9.5
Shields        | 4 5 6 7 8 9 |  9.5

Action                   |  1- 3 |  4- 6 |  7- 9 | 10-12 || total
-------------------------+-------+-------+-------+-------++-------
Melee: War axe           |    96 |   213 |   222 |   102 ||   633
       Headbutt          |    12 |    32 |    53 |    31 ||   128
  Use: Scroll            |     5 |     2 |    12 |     2 ||    21
  Eat: Chunk             |     2 |     7 |     6 |     4 ||    19
       Ration            |       |       |     1 |       ||     1
Armor: Scale mail        |    35 |       |       |       ||    35
       Plate armour      |    16 |   115 |   153 |    42 ||   326
Dodge: Dodged            |    28 |    38 |    55 |    21 ||   142
Block: Shield            |    51 |   132 |   163 |    66 ||   412

Table legend:
 A = Spawn XP
 B = Non-spawn XP
 C = Spawn XP percentage of total XP
 D = Spawn monster count
 E = Non-spawn monster count
 F = Spawn count percentage of total count
 G = Total turns spent on level
                    A         B        C        D         E        F      G
               +---------+---------+-------+---------+---------+-------+---------
         Total |       0 |    9418 |   0.0 |       0 |     236 |   0.0 |  7067
               +---------+---------+-------+---------+---------+-------+---------
           D:1 |       0 |      26 |   0.0 |       0 |      17 |   0.0 |   566
           D:2 |       0 |      79 |   0.0 |       0 |      24 |   0.0 |  1138
           D:3 |       0 |     287 |   0.0 |       0 |      37 |   0.0 |   671
           D:4 |       0 |     159 |   0.0 |       0 |      15 |   0.0 |   573
           D:5 |       0 |     747 |   0.0 |       0 |      25 |   0.0 |   998
           D:6 |       0 |     514 |   0.0 |       0 |      19 |   0.0 |   437
           D:7 |       0 |    1219 |   0.0 |       0 |       9 |   0.0 |   714
           D:8 |       0 |    3311 |   0.0 |       0 |      49 |   0.0 |   756
           D:9 |       0 |    2677 |   0.0 |       0 |      28 |   0.0 |   771
         Orc:1 |       0 |     263 |   0.0 |       0 |       3 |   0.0 |   111
         Sewer |       0 |     136 |   0.0 |       0 |      10 |   0.0 |   224
               +---------+---------+-------+---------+---------+-------+---------
